 Dungeon Crawl Stone Soup version 0.18.1-50-g88ac8fd (webtiles) character file.

14540 Kokiki the Fighter (level 12, -2/99 HPs)
             Began as a Human Fighter on Sept 16, 2016.
             Was a High Priest of Okawaru.
             Slain by an air elemental (10 damage)
             ... on level 2 of the Abyss.
             The game lasted 01:31:08 (13167 turns).

Kokiki the Fighter (Human Fighter)                 Turns: 13167, Time: 01:31:08

Health: -2/99      AC: 23    Str: 21    XL:     12   Next: 46%
Magic:  13/13      EV:  7    Int: 10    God:    Okawaru [*****.]
Gold:   426        SH: 12    Dex: 12    Spells: 0 memorised, 11 levels left

rFire  + . .     SeeInvis .     e - +5 spear (distort)
rCold  . . .     Gourm    .     j - +0 plate armour
rNeg   . . .     Faith    .     c - +0 shield
rPois  .         Spirit   .     o - +0 helmet
rElec  .         Dismiss  .     u - +3 cloak of Livujuje {rCorr}
rCorr  +         Reflect  .     A - +1 pair of gloves
SustAt .         Harm     .     d - +0 pair of boots
MR     .....                    (no amulet)
Stlth  ..........               (no ring)
                                C - ring of protection from fire

@: about to teleport, very slightly contaminated, invisible, not resistant to
hostile enchantments, extremely unstealthy
A: no striking features
a: Heroism, Finesse, Renounce Religion


You were on level 2 of the Abyss.
You worshipped Okawaru.
Okawaru was extremely pleased with you.
You were not hungry.

You visited 1 branch of the dungeon, and saw 13 of its levels.
You visited the Abyss 1 time.

You collected 646 gold pieces.
You spent 220 gold pieces at shops.

Inventory:

Hand Weapons
 e - a +5 spear of distortion (weapon)
Missiles
 n - a throwing net (quivered)
Armour
 c - a +0 shield (worn)
 d - a +0 pair of boots (worn)
 j - a +0 plate armour (worn)
 o - a +0 helmet (worn)
 u - the +3 cloak of Livujuje (worn) {rCorr}
   (You found it on level 4 of the Dungeon)

   It protects you from acid and corrosion.
 y - a +2 ring mail of fire resistance
 A - a +1 pair of gloves (worn)
Jewellery
 h - a cursed ring of loudness {unknown}
 C - a ring of protection from fire (left hand)
 D - a cursed -2 ring of protection {unknown}
 E - a +2 ring of intelligence
Wands
 a - a wand of enslavement (18/24)
 g - a wand of polymorph (12/24)
 r - a wand of lightning (0/15)
 v - a wand of digging (1/24)
Scrolls
 b - 5 scrolls of remove curse
 i - a scroll of blinking
 m - 2 scrolls of fear
 p - a scroll of silence {unknown}
 q - 2 scrolls of teleportation
 x - a scroll of identify
Potions
 B - a potion of cure mutation
Books
 s - a book of Ice

   Spells                             Type                      Level
   a - Ice Form                       Ice/Transmutation            4
   b - Metabolic Englaciation         Hexes/Ice                    5
   c - Ozocubu's Refrigeration        Ice                          6
   d - Bolt of Cold                   Conjuration/Ice              6
   e - Freezing Cloud                 Conjuration/Ice/Air          6
   f - Simulacrum                     Ice/Necromancy               6
Comestibles
 f - 7 bread rations
 l - 4 fruits
 t - 7 meat rations


   Skills:
 * Level 10.9 Fighting
 + Level 9.2 Polearms
 + Level 0.2 Throwing
 + Level 9.0 Armour
 + Level 5.3 Dodging
 + Level 0.7 Stealth
 + Level 9.7 Shields
 + Level 1.4 Invocations
 + Level 0.4 Evocations


You had 11 spell levels left.
You didn't know any spells.

Dungeon Overview and Level Annotations

Branches:
Dungeon (13/15)            Temple (0/1) D:6            Lair (0/8) D:8
    Orc (0/2) D:12
 Vaults: D:13-14

Altars:
Ashenzari
Fedhas
Gozag
Makhleb
Okawaru
Pakellas
Qazlal
Sif Muna
Vehumet
Zin

Shops:
D:8 !

Annotations:
D:12 Azrael
D:13 Sonja


Message History

* * * LOW HITPOINT WARNING * * *
You hold your ground!
You block the thrashing horror's attack.
The air elemental closely misses you.
A raiju comes into view.
The raiju bursts into living lightning!
The living lightning hits you!
* * * LOW HITPOINT WARNING * * *
The living lightning hits the air elemental.
The air elemental completely resists.
The raiju blinks! x3
The air elemental hits you but does no damage.
A chorus of shrieks assaults your mind.
* * * LOW HITPOINT WARNING * * *
You are very lightly contaminated with residual magic.
The thrashing horror roars!
The death drake roars!
You block the air elemental's attack. The air elemental hits you!
* * * LOW HITPOINT WARNING * * *
The raiju stops to sniff the water.
A starcursed mass splits.
The air elemental hits you!
You die...

# ## # #### ... ##.#. #
. .. # .#.# #. .. ##
#.# . #. ## ##.. #.##.
#§# #.####..##...k.
#..#####....#..##q##.
#/*#E.#..#.#. . X###.
#h@.♣##.. # #### ..
#≈≈X≈≈k≈≈≈X≈.# ...
≈≈.≈≈≈X≈≈x≈Xq≈≈# ...#
≈≈≈≈≈≈≈X≈≈≈≈≈≈≈≈≈≈≈≈≈≈≈
≈ ≈≈≈≈≈≈≈X≈≈≈≈≈≈≈♣≈≈≈≈
≈≈≈≈≈≈≈≈X≈≈≈♣§#k≈≈≈≈≈
≈§≈♣≈≈≈#X§#≈§§#≈≈≈≈≈≈
≈#§#≈§#≈§≈≈≈≈≈≈≈≈≈≈≈≈
≈≈X≈≈≈≈≈≈≈≈≈≈≈≈≈≈


You could see 5 starcursed masses, a purple draconian caller, a tentacled
starspawn, a death drake (wandering), a wretched star, a lindwurm, a thrashing
horror, a large abomination, a raiju, an air elemental and a small abomination.

Vanquished Creatures
  An unseen horror (D:12)
  A hill giant (D:13)
  An ugly thing (D:11)
  A cyclops (D:10)
  4 trolls
  A two-headed ogre (D:10)
  Sigmund (D:4)
  A vampire (D:12)
  14 yaks
  4 fire elementals (D:12)
  A wyvern (D:11)
  2 hungry ghosts
  4 hippogriffs
  3 hell hounds (D:12)
  Duvessa (D:4)
  3 orc warriors
  2 sky beasts
  An ice beast (D:9)
  4 black bears
  An eye of draining (D:13)
  4 ogres
  6 centaurs
  A wolf (D:9)
  3 big kobolds (D:3)
  The ghost of sheala the Grave Robber, an amateur DENe (D:5)
  4 giant frogs
  A water moccasin zombie (D:7)
  3 scorpions
  A wyvern skeleton (D:9)
  Dowan (D:4)
  4 killer bees (D:9)
  3 wights (D:12)
  2 electric eels (D:9)
  4 crimson imps
  The ghost of sheala the Stinger, a weakling DEVM (D:4)
  A centaur zombie (D:8)
  5 hounds
  3 jellies
  A centaur skeleton (D:4)
  A giant frog skeleton (D:8)
  A gnoll shaman (D:9)
  4 orc priests
  Crazy Yiuf (D:6)
  9 orc wizards
  4 iguanas
  3 worker ants
  A centaur simulacrum (D:9)
  A hound skeleton (D:7)
  2 worker ant zombies
  24 gnolls
  7 adders
  A river rat (D:4)
  A shadow imp (D:12)
  A worker ant simulacrum (D:9)
  An ufetubus (D:9)
  An ooze (D:5)
  2 worms
  A dart slug (D:2)
  5 giant geckos
  39 orcs
  8 bats
  7 giant cockroaches
  28 goblins
  33 hobgoblins
  21 jackals
  A quokka (D:8)
  2 ball pythons
  7 giant newts
  9 kobolds
  2 quokka skeletons
  14 rats
342 creatures vanquished.

Vanquished Creatures (others)
  Nessos (D:12)
  A centaur skeleton (D:11)
  2 trolls
  A wraith (D:11)
  2 yaks (D:9)
  A fire elemental (D:12)
  A hippogriff (D:11)
  2 ice beasts
  2 orc warriors
  A sky beast (D:11)
  A necrophage (D:7)
  2 ogres
  2 killer bees (D:9)
  A wight (D:12)
  A crimson imp (D:5)
  A hound (D:12)
  A giant frog skeleton (D:11)
  3 orc wizards
  2 gnolls
  An adder (D:10)
  2 shadow imps
  An ufetubus (D:9)
  A worm (D:3)
  An orc (D:6)
  2 hobgoblins (D:3)
  6 starspawn tentacles (Abyss:2)
  38 starspawn tentacle segments (Abyss:2)
80 creatures vanquished.

Grand Total: 422 creatures vanquished

Notes
Turn   | Place    | Note
--------------------------------------------------------------
     0 | D:1      | Kokiki the Human Fighter began the quest for the Orb.
     0 | D:1      | Reached XP level 1. HP: 18/18 MP: 1/1
   167 | D:1      | Reached XP level 2. HP: 24/24 MP: 2/2
   496 | D:1      | Reached XP level 3. HP: 29/29 MP: 3/3
   993 | D:1      | Reached XP level 4. HP: 35/35 MP: 4/4
  1354 | D:1      | Reached skill level 1 in Dodging
  1468 | D:2      | Found a blossoming altar of Fedhas.
  1962 | D:2      | Reached XP level 5. HP: 36/41 MP: 5/5
  2899 | D:3      | Reached XP level 6. HP: 37/48 MP: 6/6
  2901 | D:3      | Reached skill level 4 in Fighting
  3171 | D:3      | Reached XP level 7. HP: 33/55 MP: 7/7
  3577 | D:4      | Noticed sheala's ghost (weakling DEVM)
  3605 | D:4      | Killed sheala's ghost
  3814 | D:4      | Noticed Sigmund
  3847 | D:4      | Killed Sigmund
  3847 | D:4      | Reached skill level 5 in Fighting
  3847 | D:4      | Reached XP level 8. HP: 25/62 MP: 8/8
  3976 | D:4      | Noticed Duvessa
  3976 | D:4      | Noticed Dowan
  3981 | D:4      | Killed Dowan
  4062 | D:4      | Found an iron altar of Okawaru.
  4186 | D:4      | Got an ichor-stained cloak
  4192 | D:4      | Identified the +3 cloak of Livujuje {rCorr} (You found it on level 4 of the Dungeon)
  4236 | D:4      | Killed Duvessa
  4247 | D:4      | Reached skill level 5 in Armour
  4247 | D:4      | Reached skill level 5 in Shields
  4549 | D:4      | Reached skill level 6 in Fighting
  4564 | D:4      | Became a worshipper of Warmaster Okawaru
  4669 | D:5      | Entered Level 5 of the Dungeon
  4726 | D:5      | Noticed sheala's ghost (amateur DENe)
  4973 | D:5      | Reached XP level 9. HP: 58/70 MP: 9/9
  5508 | D:5      | Killed sheala's ghost
  5981 | D:6      | Found a stormy altar of Qazlal.
  6050 | D:6      | Noticed Crazy Yiuf
  6054 | D:6      | Killed Crazy Yiuf
  6054 | D:6      | Reached skill level 5 in Polearms
  6097 | D:6      | Found a staircase to the Ecumenical Temple.
  6152 | D:6      | Found a glowing silver altar of Zin.
  6295 | D:6      | Reached skill level 7 in Fighting
  6987 | D:7      | Found a deep blue altar of Sif Muna.
  6989 | D:7      | Found a burning altar of Makhleb.
  6996 | D:7      | Found a radiant altar of Vehumet.
  6998 | D:7      | Found a shattered altar of Ashenzari.
  7004 | D:7      | Found an opulent altar of Gozag.
  7006 | D:7      | Found an iron altar of Okawaru.
  7214 | D:7      | Reached * piety under Okawaru
  7460 | D:8      | Found a staircase to the Lair.
  7602 | D:8      | Found Benlosh's Distillery.
  7608 | D:8      | Bought a potion of heal wounds for 50 gold pieces
  7608 | D:8      | Bought 2 potions of agility for 80 gold pieces
  7608 | D:8      | Bought a potion of might for 40 gold pieces
  7608 | D:8      | Bought a potion of berserk rage for 50 gold pieces
  7926 | D:8      | Reached XP level 10. HP: 70/79 MP: 10/10
  8558 | D:9      | Reached skill level 8 in Fighting
  8601 | D:9      | Reached ** piety under Okawaru
  8846 | D:9      | Found a blossoming altar of Fedhas.
  8884 | D:9      | You fall through a shaft for 2 floors!
  8888 | D:10     | Entered Level 10 of the Dungeon
  8904 | D:10     | Noticed a cyclops
  9154 | D:10     | Noticed a deep troll
  9580 | D:9      | Reached *** piety under Okawaru
  9582 | D:9      | Reached skill level 9 in Fighting
  9588 | D:9      | Reached skill level 1 in Invocations
  9588 | D:9      | Reached XP level 11. HP: 86/88 MP: 8/11
  9620 | D:9      | Found a blossoming altar of Fedhas.
 10037 | D:10     | Reached **** piety under Okawaru
 10082 | D:10     | Reached skill level 10 in Fighting
 10093 | D:10     | Killed a cyclops
 10346 | D:10     | Noticed an orc knight
 10348 | D:10     | Noticed a centaur warrior
 10656 | D:11     | Found an oddly glowing altar of Pakellas.
 10807 | D:11     | Noticed a green ugly thing
 10820 | D:11     | Killed a green ugly thing
 11090 | D:12     | Noticed Azrael
 11509 | D:12     | Reached XP level 12. HP: 45/97 MP: 10/13
 11599 | D:12     | Noticed Nessos
 11621 | D:12     | Killed Nessos
 11621 | D:12     | Reached skill level 5 in Dodging
 11930 | D:12     | Found a staircase to the Orcish Mines.
 11979 | D:12     | Killed an unseen horror
 11993 | D:12     | Reached ***** piety under Okawaru
 12879 | D:13     | Received a gift from Okawaru
 12938 | D:13     | Noticed Sonja
 12946 | D:13     | Cast into level 2 of the Abyss (Sonja)
 13011 | Abyss:2  | Found a stormy altar of Qazlal.
 13089 | Abyss:2  | Noticed a purple draconian caller
 13119 | Abyss:2  | Noticed a death drake
 13123 | Abyss:2  | Noticed a tentacled starspawn
 13134 | Abyss:2  | Noticed a thrashing horror
 13159 | Abyss:2  | Noticed a starcursed mass
 13164 | Abyss:2  | Noticed a wretched star
 13167 | Abyss:2  | Noticed a death drake
 13167 | Abyss:2  | Slain by an air elemental

Skill      XL: |  1  2  3  4  5  6  7  8  9 10 11 12 |
---------------+-------------------------------------+-----
Dodging        | 1 2 3 4 5 |  5.3
Armour         | 4 5 6 7 8 9 |  9.0
Shields        | 4 5 6 7 9 |  9.7
Fighting       | 4 5 6 7 9 10 | 10.9
Polearms       | 3 4 5 7 8 9 |  9.2
Invocations    | 1 |  1.4
Throwing       | |  0.2
Stealth        | |  0.7
Evocations     | |  0.4

Action                   |  1- 3 |  4- 6 |  7- 9 | 10-12 || total
-------------------------+-------+-------+-------+-------++-------
Melee: Trident           |    82 |       |       |       ||    82
       Spear             |    18 |   236 |   333 |   699 ||  1286
Throw: Throwing net      |       |       |     2 |       ||     2
Invok: Heroism           |       |       |       |     7 ||     7
Evoke: Wand              |       |       |       |     6 ||     6
  Use: Scroll            |     4 |     7 |     7 |     5 ||    23
       Potion            |       |     1 |     9 |     8 ||    18
  Eat: Chunk             |       |     8 |     7 |     7 ||    22
       Royal jelly       |       |       |     1 |       ||     1
       Pizza             |       |       |     1 |       ||     1
       Fruit             |       |       |     5 |    15 ||    20
       Beef jerky        |       |       |       |     2 ||     2
Armor: Scale mail        |    34 |    62 |     5 |       ||   101
       Plate armour      |       |       |   107 |   248 ||   355
Dodge: Dodged            |    22 |    46 |    27 |   106 ||   201
Block: Shield            |    39 |    98 |    95 |   261 ||   493
